 Dungeon Crawl Stone Soup version 0.16.1-14-g82efdee (webtiles) character file.

663 KarvaRausku the Cleaver (level 7, -1/41 HPs)
             Began as a Tengu Fighter on Apr 12, 2015.
             Succumbed to a centaur's poison
             ... on level 5 of the Dungeon.
             The game lasted 00:08:33 (4012 turns).

KarvaRausku the Cleaver (Tengu Fighter)             Turns: 4012, Time: 00:08:33

Health: -1/41      AC:  5    Str: 18    XL:     7   Next: 56%
Magic:  9/9        EV: 13    Int:  9    God:
Gold:   259        SH:  9    Dex: 18    Spells: 0 memorised, 6 levels left

rFire  . . .     SeeInvis .     i - +1 hand axe (elec)
rCold  . . .     Clarity  .     k - +0 leather armour (curse)
rNeg   . . .     SustAb   .     c - +0 shield
rPois  .         Gourm    .     (helmet restricted)
rElec  .         Spirit   .     w - +0 cloak
rCorr  .         Warding  .     j - +0 pair of gloves
rMut   .         Stasis   .     (boots unavailable)
MR     .....                    (no amulet)
Stlth  ++........               (no ring)
                                (no ring)

@: agile, lethally poisoned (-1 -> -16), not resistant to hostile enchantments,
unstealthy
A: able to fly, beak, talons 3
a: Fly


You were on level 5 of the Dungeon.
You were not hungry.

You visited 1 branch of the dungeon, and saw 5 of its levels.

You collected 259 gold pieces.

Inventory:

Hand weapons
 a - a +0 war axe
 i - a +1 hand axe of electrocution (weapon)
Armour
 b - a +0 scale mail
 c - a +0 shield (worn)
 j - a +0 pair of gloves (worn)
 k - a cursed +0 leather armour (worn)
 p - a +0 pair of gloves
 q - a cursed +0 pair of boots
 w - a +0 cloak (worn)
 x - a +0 large shield
 C - a +1 robe of magic resistance
Rods
 e - a +0 rod of ignition (13/13)
   (You found it on level 4 of the Dungeon)
Magical devices
 y - a wand of random effects (12)
 H - a wand of random effects (29)
Scrolls
 g - a scroll of remove curse {unknown}
 h - a scroll of fog {unknown}
 m - a scroll of noise {unknown}
 n - a scroll of enchant armour {unknown}
 s - 3 scrolls of identify
 I - a scroll of teleportation {unknown}
Potions
 u - 2 potions of brilliance
 v - a potion of agility
Comestibles
 d - 5 bread rations
 f - a beef jerky
 o - 3 slices of pizza
 z - a meat ration
 E - 3 chunks of flesh
 G - a royal jelly


   Skills:
 - Level 3.0 Fighting
 + Level 9.1 Axes
 - Level 3.2 Armour
 - Level 3.0 Shields


You had 6 spell levels left.
You didn't know any spells.

Dungeon Overview and Level Annotations

Branches:
Dungeon (5/15)
 Temple: D:4-7

Altars:
Makhleb
Ru
Sif Muna
Yredelemnul

Shops:
D:4 }


Innate Abilities, Weirdness & Mutations

You can fly.
You have a beak for a mouth.
You have claws for feet.


Message History

Your cursed +0 leather armour unmelds from your body.
You feel sick. Something hits you.
* * * LOW HITPOINT WARNING * * *
Something hits you.
* * * LOW HITPOINT WARNING * * *
Drink which item? (? for menu, Esc to quit)
It was a potion of magic.
Magic courses through your body.
* * * LOW HITPOINT WARNING * * *
You feel sick. Something hits you but does no damage.
Drink which item? (? for menu, Esc to quit)
You feel agile all of a sudden.
* * * LOW HITPOINT WARNING * * *
You feel sick. Something barely misses you. You block its attack.
You are too injured to fight recklessly!
Read which item? (? for menu, Esc to quit)
As you read the scroll labeled ARPHOLUC JYOM, it crumbles to dust.
It is a scroll of identify.
Identify which item? (\ to view known items) (? for menu, Esc to quit)
e - a +0 rod of ignition (13/13)
You die...

........<.).........#
....................#
.....................#
.......................
.......................#
......%.................
.........(.............#
.........((..............
........@........)......
.......................
....................>
....................
.................$.
...............
........... ......... ...


There were no monsters in sight!

Vanquished Creatures
  The ghost of KarvaRausku the Slasher, an average DrWn (D:4)
  An ogre (D:4)
  A centaur (D:5)
  3 hounds
  2 orc wizards (D:3)
  Jessica (D:3)
  4 adders
  A gnoll (D:2)
  A worm (D:2)
  7 giant geckos
  An ooze (D:4)
  9 bats
  7 goblins
  6 hobgoblins
  6 jackals
  3 quokkas
  4 giant cockroaches
  2 giant newts
  6 kobolds
  7 rats
73 creatures vanquished.

Notes
Turn   | Place    | Note
--------------------------------------------------------------
     0 | D:1      | KarvaRausku, the Tengu Fighter, began the quest for the Orb.
     0 | D:1      | Reached XP level 1. HP: 14/14 MP: 1/1
   282 | D:1      | Reached XP level 2. HP: 12/19 MP: 3/3
  1128 | D:1      | Reached XP level 3. HP: 23/23 MP: 4/4
  1437 | D:2      | Reached skill level 4 in Axes
  1747 | D:2      | Reached skill level 5 in Axes
  1747 | D:2      | Reached XP level 4. HP: 21/28 MP: 5/5
  1753 | D:2      | Reached XP level 5. HP: 14/32 MP: 7/7
  1984 | D:2      | Found a burning altar of Makhleb.
  1985 | D:2      | Found a sacrificial altar of Ru.
  2450 | D:3      | Noticed Jessica
  2457 | D:3      | Killed Jessica
  2585 | D:3      | Reached skill level 6 in Axes
  2743 | D:3      | Found a basalt altar of Yredelemnul.
  2769 | D:3      | Found a deep blue altar of Sif Muna.
  2794 | D:3      | Reached XP level 6. HP: 9/37 MP: 5/8
  3319 | D:4      | Noticed KarvaRausku's ghost (average DrWn)
  3333 | D:4      | Killed KarvaRausku's ghost
  3333 | D:4      | Reached skill level 8 in Axes
  3333 | D:4      | Reached XP level 7. HP: 23/41 MP: 9/9
  3667 | D:4      | Found Keinoq's Gadget Shoppe.
  3951 | D:5      | Entered Level 5 of the Dungeon
  3996 | D:5      | Reached skill level 9 in Axes
  4010 | D:5      | HP: 2/41 [poisoned by a centaur]
  4012 | D:5      | Identified a +0 rod of ignition (13/13) (You found it on level 4 of the Dungeon)
  4012 | D:5      | Succumbed to a centaur's poison

Action                   |  1- 3 |  4- 6 |  7- 9 || total
-------------------------+-------+-------+-------++-------
Melee: War axe           |    27 |       |       ||    27
       Hand axe          |    68 |    61 |    25 ||   154
 Abil: Fly               |       |     1 |       ||     1
Evoke: Wand              |       |       |     5 ||     5
  Use: Potion            |       |     2 |    12 ||    14
       Scroll            |       |       |     1 ||     1
  Eat: Chunk             |     3 |     3 |     4 ||    10
